 Dungeon Crawl Stone Soup version 0.23.2-40-g277498a (webtiles) character file.

Game seed: 12134566731090186427

9455 Dharzhak the Carver (level 11, 0/95 HPs)
             Began as a Minotaur Fighter on Sept 5, 2019.
             Was an Initiate of Gozag.
             Killed from afar by Nergalle (22 damage)
             ... with a bolt of negative energy
             ... on level 10 of the Dungeon.
             The game lasted 00:26:44 (9083 turns).

Dharzhak the Carver (Minotaur Fighter)              Turns: 9083, Time: 00:26:45

Health: 0/95       AC: 22    Str: 28    XL:     11   Next: 23%
Magic:  13/13      EV: 12    Int:  8    God:    Gozag
Gold:   341        SH: 12    Dex: 12    Spells: 13/14 levels left

rFire    + + .     SeeInvis .   J - +0 scimitar
rCold    + + .     Gourm    .   c - +0 shield
rNeg     . . .     Faith    .   A - +7 Kryia's mail coat {PotionHeal*2 rC+}
rPois    .         Spirit   .   L - +2 hat {MR+}
rElec    .         Reflect  .   u - +2 cloak
rCorr    +         Harm     .   (no gloves)
MR       +....                  I - +0 pair of boots
Stlth    ..........             (no amulet)
HPRegen  0.25/turn              y - ring "Cuell" {rCorr rF++ rC+ Str+4 Int+3}
MPRegen  0.13/turn              E - +2 ring of dexterity

@: gold aura, lightly drained
A: retaliatory headbutt, horns 2
a: Potion Petition, Call Merchant, Bribe Branch, Renounce Religion


You were on level 10 of the Dungeon.
You worshipped Gozag.
Gozag was aware of your devotion.
You were not hungry.

You visited 2 branches of the dungeon, and saw 11 of its levels.

You collected 478 gold pieces.
You paid 137 gold pieces to Gozag.

Inventory:

Hand Weapons
 H - a +0 broad axe
 J - a +0 scimitar (weapon)
Missiles
 v - 23 tomahawks (quivered)
Armour
 c - a +0 shield (worn)
 u - a +2 cloak (worn)
 A - the +7 Kryia's mail coat (worn) {PotionHeal*2 rC+}
   (You found it on level 5 of the Dungeon)

   It protects you from cold.
 F - the cursed +1 ring mail "Keli" {rC+ Str+2, unknown}
   (You found it on level 7 of the Dungeon)

   It affects your strength (+2).
   It protects you from cold.
   It has a curse placed upon it.
 I - a +0 pair of boots (worn)
 L - a +2 hat of magic resistance (worn)
Jewellery
 a - an uncursed ring of fire {unknown}
 y - the ring "Cuell" (left hand) {rCorr rF++ rC+ Str+4 Int+3}
   (You found it on level 5 of the Dungeon)

   [ring of resist corrosion]

   It affects your strength (+4).
   It affects your intelligence (+3).
   It greatly protects you from fire.
   It protects you from cold.
 E - a +2 ring of dexterity (right hand)
 K - an uncursed ring of protection from fire
 M - an uncursed amulet of the acrobat {unknown}
Wands
 t - a wand of random effects (49)
 w - a wand of iceblast (7)
 x - a wand of polymorph (14)
Scrolls
 b - 3 scrolls of enchant armour {unknown}
 g - 3 scrolls of fear {unknown}
 h - 3 scrolls of amnesia {unknown}
 l - 2 scrolls of enchant weapon {unknown}
 m - 3 scrolls of remove curse {unknown}
 n - 5 scrolls of identify {unknown}
 o - 6 scrolls of blinking {unknown}
 p - a scroll of noise {unknown}
 r - 2 scrolls of immolation {unknown}
 s - a scroll of magic mapping {unknown}
 C - 2 scrolls of random uselessness {unknown}
 D - a scroll of teleportation {unknown}
 G - a scroll of fog {unknown}
Potions
 d - a potion of degeneration {unknown}
 e - 3 potions of flight {unknown}
 i - a potion of brilliance {unknown}
 j - 4 potions of heal wounds {unknown}
 k - 4 potions of curing
 q - 2 potions of invisibility {unknown}
 z - a potion of mutation {unknown}
 N - 2 potions of lignification {unknown}
Comestibles
 f - 13 rations


   Skills:
 * Level 8.5(7.8) Fighting
 + Level 11.6(10.9) Long Blades
 + Level 2.3(1.8) Axes
 * Level 9.6(8.9) Armour
 * Level 5.6(5.0) Dodging
 + Level 0.7(0.2) Stealth
 * Level 10.1(9.5) Shields
 * Level 2.2(1.7) Spellcasting
 * Level 2.2(1.7) Charms


You had 13 spell levels left.
You knew the following spells:

 Your Spells              Type           Power        Failure   Level  Hunger
a - Infusion              Chrm           #...         56%         1    ##.....

Your spell library contained the following spells:

 Spells                   Type           Power        Failure   Level  Hunger
 Song of Slaying          Chrm           #.......     71%         2    ###....
 Corona                   Hex            #......      82%         1    ##.....
 Shroud of Golubria       Chrm/Tloc      #.........   83%         2    ###....
 Ensorcelled Hibernation  Hex/Ice        #.....       91%         2    ###....
 Regeneration             Chrm/Necr      #.........   97%         3    ####...
 Spectral Weapon          Hex/Chrm       #.......     97%         3    ####...
 Confuse                  Hex            #.......     99%         3    ####...
 Dazzling Spray           Conj/Hex       #.....       99%         3    ####...
 Tukima's Dance           Hex            #.......     99%         3    ####...


Dungeon Overview and Level Annotations

Branches:
Dungeon (10/15)            Temple (1/1) D:7            Lair (0/6) D:9
    Orc (0/2) D:9

Altars:
Ashenzari
Cheibriados
Dithmenos
Elyvilon
Fedhas
Gozag
Hepliaklqana
Kikubaaqudgha
Makhleb
Nemelex Xobeh
Okawaru
Qazlal
Ru
Sif Muna
Trog
Uskayaw
Vehumet
Wu Jian
Xom
Yredelemnul
Zin
The Shining One

Shops:
D:9 [

Annotations:
D:10 Nergalle


Innate Abilities, Weirdness & Mutations

You reflexively headbutt those who attack you in melee.
You have a pair of horns on your head.


Message History

Nergalle is lightly wounded.
You block the spectral orc warlord's attack.
Nergalle closely misses you.
You slash Nergalle!
Nergalle is moderately wounded.
Nergalle hits you but does no damage.
You block the spectral orc warlord's attack.
You closely miss Nergalle. You headbutt Nergalle.
Nergalle is moderately wounded.
Nergalle hits you but does no damage.
Your shield prevents you from hitting Nergalle.
Nergalle is moderately wounded.
The spectral orc warlord misses you.
You riposte.
You hit the spectral orc warlord but do no damage.
You closely miss Nergalle.
Nergalle is moderately wounded.
Nergalle points at you and mumbles some strange words.
The bolt of negative energy hits you!!
You feel drained.
You die...
Your body crumbles into a pile of gold.

#.... #... #....##... #..
....#.. #..# .?.#.# #..# #...#
#..# #..# #..# #$.# .#..#
#################>#.<#..#######
#............Z@o....##.........
#.#####################.#######
#.#.[...................# #
#.#......################ #
#.######.# #.# #.# #.# #.# #.#
#.# #.######.#


You could see Nergalle and a spectral orc warlord.

Vanquished Creatures
  Gastronok (D:9)
  Snorg (D:10)
  A two-headed ogre (D:9)
  An elephant (D:9)
  Joseph (D:8)
  A troll (D:9)
  A wyvern (D:9)
  A spriggan (D:8)
  Sigmund (D:3)
  A yak (D:9)
  A basilisk (D:9)
  A hungry ghost (D:4)
  A water moccasin (D:9)
  5 orc warriors
  A sky beast (D:5)
  2 ice beasts
  5 ogres
  3 phantoms
  A necrophage (D:8)
  4 centaurs
  A crocodile (D:9)
  4 bullfrogs
  3 scorpions
  6 killer bees (D:8)
  4 howler monkeys
  2 crimson imps (D:7)
  A bullfrog skeleton (D:9)
  3 centaur zombies
  3 jellies
  A bullfrog zombie (D:5)
  5 hounds
  3 centaur skeletons
  A gnoll shaman (D:6)
  2 orc priests
  6 orc wizards
  3 iguanas
  7 worker ants
  A hound skeleton (D:5)
  A mummy (D:9)
  3 worker ant zombies
  Robin (D:2)
  8 gnolls
  11 adders
  2 shadow imps
  4 oozes
  4 adder skeletons
  5 worms
  3 dart slugs
  8 leopard geckos
  66 orcs
  A ball python (D:4)
  5 bats
  3 giant cockroaches
  6 hobgoblins
  8 kobolds
  4 quokkas
  4 frilled lizards
  16 goblins
  2 jackal skeletons
  A leopard gecko skeleton (D:5)
  A quokka skeleton (D:7)
  3 rats
260 creatures vanquished.

Notes
Turn   | Place    | Note
-------+----------+-------------------------------------------
     0 | D:1      | Dharzhak the Minotaur Fighter began the quest for the Orb.
     0 | D:1      | Reached XP level 1. HP: 19/19 MP: 0/0
   173 | D:1      | Reached XP level 2. HP: 27/27 MP: 1/1
   846 | D:2      | Reached XP level 3. HP: 33/33 MP: 2/2
  1029 | D:2      | Identified the +2 helmet of the Ladybird {+Inv rElec}
  1029 | D:2      | Noticed Robin
  1038 | D:2      | Killed Robin
  1038 | D:2      | Reached skill level 3 in Long Blades
  1129 | D:2      | Reached XP level 4. HP: 32/40 MP: 3/3
  1299 | D:2      | Noticed a bullfrog
  1305 | D:2      | Killed a bullfrog
  1305 | D:2      | Reached skill level 4 in Long Blades
  1305 | D:2      | Reached skill level 1 in Dodging
  1305 | D:2      | Reached XP level 5. HP: 36/46 MP: 4/4
  1874 | D:3      | Noticed Sigmund
  2049 | D:3      | Found a faded altar of an unknown god.
  2170 | D:3      | Killed Sigmund
  2170 | D:3      | Reached skill level 5 in Long Blades
  2170 | D:3      | Reached skill level 5 in Armour
  2170 | D:3      | Reached XP level 6. HP: 9/53 MP: 5/5
  2664 | D:3      | Found a stormy altar of Qazlal.
  2707 | D:3      | Found a stormy altar of Qazlal.
  2707 | D:3      | Found a blossoming altar of Fedhas.
  2861 | D:4      | Reached skill level 6 in Long Blades
  2944 | D:4      | Noticed a hungry ghost
  2947 | D:4      | Reached skill level 5 in Shields
  2947 | D:4      | Reached XP level 7. HP: 60/60 MP: 6/6
  2977 | D:4      | Killed a hungry ghost
  2982 | D:4      | Reached skill level 5 in Fighting
  3075 | D:4      | Reached skill level 7 in Long Blades
  3271 | D:4      | Reached XP level 8. HP: 59/68 MP: 7/7
  3868 | D:5      | Entered Level 5 of the Dungeon
  3883 | D:5      | Reached skill level 8 in Long Blades
  4114 | D:5      | Found a glowing golden altar of the Shining One.
  4347 | D:5      | Got a transparent platinum ring
  4349 | D:5      | Identified the ring "Cuell" {rCorr rF++ rC+ Str+4 Int+3}
                  | (You found it on level 5 of the Dungeon)
  4413 | D:5      | Found the +7 Kryia's mail coat {PotionHeal*2 rC+}
  4783 | D:5      | Found a burning altar of Makhleb.
  4965 | D:6      | Reached skill level 9 in Long Blades
  5184 | D:6      | Reached XP level 9. HP: 68/75 MP: 8/8
  5769 | D:7      | Found a staircase to the Ecumenical Temple.
  5785 | Temple   | Entered the Ecumenical Temple
  6081 | D:7      | Got a faintly humming ring mail
  6117 | D:7      | Reached skill level 10 in Long Blades
  6763 | D:8      | Reached skill level 1 in Axes
  6797 | D:8      | Found an ancient bone altar of Kikubaaqudgha.
  7000 | D:8      | Learned a level 1 spell: Infusion
  7007 | D:8      | Noticed Joseph
  7018 | D:8      | Killed Joseph
  7150 | D:8      | Reached XP level 10. HP: 84/84 MP: 9/9
  7448 | D:9      | Found a snail-covered altar of Cheibriados.
  7466 | D:9      | Reached skill level 1 in Charms
  7552 | D:9      | Noticed Gastronok
  7575 | D:9      | Killed Gastronok
  7575 | D:9      | Reached skill level 11 in Long Blades
  7575 | D:9      | Reached skill level 5 in Dodging
  7575 | D:9      | Reached skill level 1 in Spellcasting
  7902 | D:9      | Noticed an elephant
  7922 | D:9      | Killed an elephant
  8046 | D:9      | Found a staircase to the Lair.
  8215 | D:9      | Noticed a two-headed ogre
  8222 | D:9      | Killed a two-headed ogre
  8290 | D:9      | Found Wicsirch's Antique Armour Emporium.
  8298 | D:9      | Reached XP level 11. HP: 92/94 MP: 13/13
  8349 | D:9      | Found a stormy altar of Qazlal.
  8853 | D:9      | Found a staircase to the Orcish Mines.
  8948 | D:9      | Found an opulent altar of Gozag.
  8949 | D:9      | Found a glowing silver altar of Zin.
  8957 | D:9      | Became a worshipper of Gozag Ym Sagoz the Greedy
  8975 | D:10     | Entered Level 10 of the Dungeon
  9038 | D:10     | Noticed Snorg
  9041 | D:10     | Noticed Nergalle
  9047 | D:10     | Noticed a spectral orc warlord
  9075 | D:10     | Killed Snorg
  9075 | D:10     | Reached skill level 10 in Shields
  9083 | D:10     | Killed from afar by Nergalle

Skill      XL: |  1  2  3  4  5  6  7  8  9 10 11 |
---------------+----------------------------------+-----
Shields        | 4 5 7 8 9 10 | 10.1
Armour         | 4 5 6 7 8 9 |  9.6
Fighting       | 4 5 6 8 |  8.5
Long Blades    | 3 4 5 6 7 9 10 11 | 11.6
Dodging        | 1 2 4 5 |  5.6
Axes           | 1 2 |  2.3
Charms         | 2 |  2.2
Spellcasting   | 2 |  2.2
Stealth        | |  0.7

Action                   |  1- 3 |  4- 6 |  7- 9 | 10-12 || total
-------------------------+-------+-------+-------+-------++-------
Melee: Long sword        |   100 |   149 |   345 |   122 ||   716
       Headbutt          |     7 |    25 |    96 |    93 ||   221
       Broad axe         |       |       |    24 |       ||    24
       Scimitar          |       |       |       |   126 ||   126
  Use: Potion            |       |     1 |     1 |     1 ||     3
  Eat: Chunk             |     1 |     6 |    21 |     4 ||    32
       Ration            |       |       |     1 |     1 ||     2
Armor: Scale mail        |    46 |    49 |   126 |    64 ||   285
       Chain mail        |       |     1 |    62 |       ||    63
Dodge: Dodged            |    32 |    44 |   137 |    74 ||   287
Block: Shield            |    52 |    79 |   198 |   136 ||   465
       Rpst.: Long sword |     8 |    13 |    23 |     4 ||    48
       Scimitar          |       |       |       |     7 ||     7
